 Dungeon Crawl Stone Soup version 0.29.1-12-g30fa7ad0bf (webtiles) character file.

Game seed: 14858009223378806275

497 hawla the Chiller (level 7, -1/51 HPs)
             Began as a Meteoran Ice Elementalist on Jan 1, 2023.
             Slain by Menkaure (14 damage)
             ... on level 4 of the Dungeon.
             The game lasted 00:08:26 (1366 turns).

hawla the Chiller (Meteoran Ice Elementalist)       Turns: 1366, Time: 00:08:26

Health: -1/51      AC:  3    Str: 10    XL:     7   Next: 66%
Magic:  10/15      EV: 13    Int: 18    God:
Gold:   114        SH:  0    Dex: 15    Spells: 8/16 levels left

rFire   . . .      SeeInvis .   m - +0 club
rCold   . . .      Faith    .   (no shield)
rNeg    . . .      Spirit   .   a - +0 robe
rPois   .          Reflect  .   (no helmet)
rElec   .          Harm     .   (no cloak)
rCorr   .          Rampage  .   (no gloves)
Will    .....                   e - +0 pair of boots
Stlth   +.........              (no amulet)
HPRegen 0.17/turn               (no ring)
MPRegen 0.14/turn               (no ring)

@: freezing walls, glowing
A: sense surroundings 1, otherworldly, glowing, explore regen
a: no special abilities


You were on level 4 of the Dungeon.
You visited 1 branch of the dungeon, and saw 4 of its levels.
You also visited: Sewer.

You collected 114 gold pieces.

Inventory:

Hand Weapons
 m - a +0 club (weapon)
Armour
 a - a +0 robe (worn)
 e - a +0 pair of boots (worn)
Wands
 l - a wand of polymorph (12)
Scrolls
 c - 2 scrolls of teleportation
 d - a scroll of fear {unknown}
 i - a scroll of noise {unknown}
 j - a scroll of identify {unknown}
 k - a scroll of enchant weapon {unknown}
Potions
 b - a potion of might {unknown}
 f - 2 potions of heal wounds
 g - 2 potions of resistance {unknown}
 h - a potion of magic


   Skills:
 + Level 0.8 Fighting
 + Level 3.1 Dodging
 - Level 1.4 Stealth
 + Level 5.0 Spellcasting
 + Level 5.5 Conjurations
 + Level 6.0 Ice Magic


You had 8 spell levels left.
You knew the following spells:

 Your Spells              Type           Power      Damage    Failure   Level
a - Freeze                Ice            100%       1d11      1%          1
b - Frozen Ramparts       Ice            52%        1d8       3%          3
c - Hailstorm             Conj/Ice       25%        3d7       12%         4

Your spell library contained the following spells:

 Spells                   Type           Power      Damage    Failure   Level
 Ozocubu's Armour         Ice            26%        N/A       3%          3


Dungeon Overview and Level Annotations

Branches:
Dungeon (4/15) Zot: 1603    Sewer (visited)
 Temple: D:4-7

Altars:
Okawaru

Shops:
D:3 =

Annotations:
D:4 Menkaure


Innate Abilities, Weirdness & Mutations

You passively map a small area around you.
You are easily found by Zot.
You glow in the dark.
You regain HP and MP as you explore.


Message History

Menkaure, Prince of Dust comes into view.
Menkaure shouts!
An endoplasm comes into view.
Menkaure gestures wildly while chanting.
Menkaure seems to speed up.
There is a fountain of sparkling water here.
Things that are here:
a +0 club; an orc corpse
m - a +0 club (weapon)
Setting a skill training target for Maces & Flails at 14.0.
Unknown command.
Menkaure hits you!
There is a fountain of sparkling water here.
Casting: Frozen Ramparts (dangerous; 3% risk of failure)
Confirm with . or Enter, or press ? or * to list all spells.
Casting: Frozen Ramparts (dangerous; 3% risk of failure)
Press: ? - help, Dir - look around, f - activate A fountain of sparkling water.
The walls around you are covered in ice.
The wall freezes Menkaure but does no damage.
Menkaure sighs in an indecipherable tongue.
Menkaure calls on the powers of darkness!
Your body is wracked with pain!
Menkaure resists.
The wall freezes Menkaure.
Menkaure calls on the powers of darkness!
Your body is wracked with pain!
* * * LOW HITPOINT WARNING * * *
Casting: Frozen Ramparts (dangerous; 3% risk of failure)
Confirm with . or Enter, or press ? or * to list all spells.
Aiming: Freeze (safe; 1% risk of failure)
Press: ? - help, Shift-Dir - straight line, f - Menkaure
Aim: Menkaure (lightly damaged, fast)
You freeze Menkaure.
Menkaure resists.
Menkaure is moderately damaged.
The wall freezes Menkaure but does no damage.
Menkaure barely misses you.
You barely miss Menkaure.
Menkaure is moderately damaged.
The wall freezes Menkaure but does no damage.
Menkaure hits you!
You die...

, .# #. , ##.##. * *
.....,# ####...#.# .*
#.##....J...# .#
#...........###.## * *
.# #.# ......,, ,,,
#..####M####...# * *
#⌠...@.†)⌠# , #### *
#..##.##..# , ..# ##
#.#.#.#.#.# * #.# #.
.#.##...##.##.# #<# #.
*..⌠...†...⌠...#
##.###.
.#.##...##.######...#).
*,#.#.#.#.# #.)....# ,
..##.##..# #.......
#⌠...⌠...⌠## #......#


You could see Menkaure (fast) and an endoplasm (wandering).

Vanquished Creatures
  A black bear (D:4)
  2 kobold brigands (Sewer)
  A necrophage (D:4)
  Terence (D:3)
  Natasha (D:3)
  2 river rats (Sewer)
  7 adders
  A worm (D:2)
  A dart slug (D:2)
  5 orcs
  5 ball pythons
  3 bats
  2 endoplasms
  4 giant cockroaches (D:3)
  A goblin (D:3)
  A hobgoblin (D:2)
  3 jackals (D:3)
  A quokka (D:4)
  3 frilled lizards
  17 kobolds
  22 rats
84 creatures vanquished.

Vanquished Creatures (collateral kills)
  A goblin (D:3)
1 creature vanquished.

Grand Total: 85 creatures vanquished

Notes
Turn   | Place    | Note
-------+----------+-------------------------------------------
     0 | D:1      | hawla the Meteoran Ice Elementalist began the quest for the
                  | Orb.
     0 | D:1      | Reached XP level 1. HP: 14/14 MP: 5/5
   168 | D:2      | Reached XP level 2. HP: 19/20 MP: 1/6
   199 | D:2      | Found an iron altar of Okawaru.
   410 | D:3      | Reached XP level 3. HP: 26/26 MP: 5/8
   414 | D:3      | Learned a level 3 spell: Frozen Ramparts
   420 | D:3      | Found a glowing drain.
   427 | D:3      | Noticed Natasha
   435 | D:3      | Found Wooc's Jewellery Emporium.
   445 | D:3      | Reached skill level 5 in Ice Magic
   451 | D:3      | Killed Natasha
   452 | D:3      | Reached XP level 4. HP: 28/34 MP: 0/10
   473 | Sewer    | Entered a sewer
   617 | Sewer    | Reached XP level 5. HP: 39/39 MP: 7/11
   681 | Sewer    | Learned a level 4 spell: Hailstorm
   696 | Sewer    | Reached skill level 1 in Conjurations
   747 | Sewer    | Noticed a kobold brigand
   756 | Sewer    | Killed a kobold brigand
   757 | Sewer    | Reached XP level 6. HP: 44/46 MP: 1/12
   833 | Sewer    | Reached skill level 5 in Conjurations
   964 | Sewer    | Glimpsed the power of Zot.
  1013 | Sewer    | Glimpsed the power of Zot.
  1106 | D:3      | Noticed Terence
  1111 | D:3      | Killed Terence
  1112 | D:3      | Reached XP level 7. HP: 51/51 MP: 1/13
  1331 | D:4      | Reached skill level 5 in Spellcasting
  1345 | D:4      | Reached skill level 6 in Ice Magic
  1355 | D:4      | Noticed Menkaure
  1366 | D:4      | Slain by Menkaure

Illustrated notes

Levels and vault maps discovered:
D:1:      beargit_arrival_diablo_church, layout_basic,
          chequers_ecumenical_altar_simple_redux, serial_glass, glass_columns_a,
          glass_columns_c, glass_columns_b, glass_columns_a, glass_columns_c,
          glass_columns_a, due_unseen_surprise, item_on_display_a
D:2:      layout_loops_ring, basic_altar, kennysheep_nondescript
D:3:      layout_loops_ring, serial_shops, shop, gup_sewer_entry_glass,
          minmay_misc_feat_tiny, uniq_natasha, uniq_terence
D:4:      layout_loops_ring, nicolae_overflow_hidden_temple, roderic_batcave,
          roderic_three_in_a_row, minivault_11, uniq_grinder, uniq_menkaure

Skill      XL: |  1  2  3  4  5  6  7 |
---------------+----------------------+-----
Spellcasting   | 3 5 |  5.0
Ice Magic      | 5 6 |  6.0
Conjurations   | 3 5 |  5.5
Dodging        | 3 |  3.1
Fighting       | |  0.8
Stealth        | |  1.4

Action                   |  1- 3 |  4- 6 |  7- 9 || total
-------------------------+-------+-------+-------++-------
Melee: Unarmed           |    11 |    10 |     1 ||    22
       Club              |       |       |     1 ||     1
 Cast: Freeze            |    21 |    30 |    16 ||    67
       Frozen Ramparts   |     1 |    11 |     8 ||    20
       Hailstorm         |       |     2 |       ||     2
  Use: Scroll            |     3 |       |       ||     3
       Potion            |       |     2 |       ||     2
Armor: Robe              |     9 |    14 |     3 ||    26
Dodge: Dodged            |    11 |    39 |    11 ||    61
